 Dungeon Crawl Stone Soup version 0.29-a0-577-gafbf2c5d25 (webtiles) character file.

Game seed: 3318529444540470294

48 nrs142 the Ducker (level 4, 0/46 HPs)
             Began as a Djinni Fire Elementalist on June 13, 2022.
             Slain by Crazy Yiuf
             ... wielding a +3 quarterstaff of chaos
              (4 damage)
             ... on level 2 of the Dungeon.
             The game lasted 00:05:01 (2341 turns).

nrs142 the Ducker (Djinni Fire Elementalist)        Turns: 2341, Time: 00:05:02

Health: 0/46       AC:  2    Str:  7    XL:     4   Next: 0%
Gold:   41         EV: 13    Int: 16    God:
                   SH:  0    Dex: 14

rFire   + + .      SeeInvis .   g - +0 short sword (venom)
rCold   x . .      Faith    .   (no shield)
rNeg    . . .      Spirit   .   a - +0 robe
rPois   ∞          Reflect  .   (no helmet)
rElec   .          Harm     .   (no cloak)
rCorr   .          Rampage  .   (no gloves)
Will    .....                   (boots unavailable)
Stlth   ..........              (no amulet)
HPRegen 0.15/turn               (no ring)
MPRegen 0.00/turn               (no ring)

@: berserking, attractive, flying, very slightly contaminated, invisible, very
quick
A: sickness immunity, fire resistance 2, cold vulnerability 1, float, innate
caster, HP casting, extra vitality 1, claws 1, dopey 1
a: no special abilities


You were on level 2 of the Dungeon.
You visited 1 branch of the dungeon, and saw 2 of its levels.

You collected 41 gold pieces.

Inventory:

Hand Weapons
 g - a +0 short sword of venom (weapon)
Armour
 a - a +0 robe (worn)
 d - the +0 cloak of Integrity {rPois rF+ Str-3}
   (You found it on level 2 of the Dungeon)

   Str:       It affects your strength (-3).
   rF:        It protects you from fire.
   rPois:     It protects you from poison.
Scrolls
 b - 3 scrolls of identify {unknown}
 c - a scroll of fear {unknown}
 e - 2 scrolls of amnesia {unknown}
 f - a scroll of vulnerability {unknown}
 j - a scroll of magic mapping {unknown}
 k - a scroll of teleportation {unknown}
 l - a scroll of noise {unknown}


   Skills:
 + Level 3.0 Dodging
 + Level 2.3 Stealth
 + Level 2.8 Spellcasting


You couldn't memorise any spells.
You knew the following spells:

 Your Spells              Type           Power      Damage    Failure   Level
a - Foxfire               Conj/Fire      44%        2x1d6     6%          1
b - Scorch                Fire           22%        2d6       9%          2
c - Conjure Flame         Conj/Fire      11%        6-21      17%         3
d - Inner Flame           Hex/Fire       11%        N/A       17%         3
e - Flame Wave            Conj/Fire      11%        2d5       50%         4
f - Beastly Appendage     Tmut           22%        N/A       6%          1
Your spell library was empty.

Dungeon Overview and Level Annotations

Branches:
Dungeon (2/15)

Altars:

Annotations:
D:2 Crazy Yiuf


Innate Abilities, Weirdness & Mutations

You are immune to sickness and miasma.
You are immune to poison.
Your flesh is very heat resistant. (rF++)
You are vulnerable to cold. (rC-)
You float through the air rather than walking.
You learn spells naturally, not from books.
Your magical power is your life essence.
You have superior vitality. (+4 MHP)
You have sharp fingernails.
You are dopey. (Int -2)


Message History

Confirm with . or Enter, or press ? or * to list all spells.
You can't see any susceptible monsters within range! (Use Z to cast anyway.)
Casting: Foxfire (safe; 6% risk of failure)
Confirm with . or Enter, or press ? or * to list all spells.
You can't see any susceptible monsters within range! (Use Z to cast anyway.)
Casting: Foxfire (safe; 6% risk of failure)
Confirm with . or Enter, or press ? or * to list all spells.
You miscast Foxfire.
You are very lightly contaminated with residual magic.
Nothing appears to happen.
Casting: Foxfire (safe; 6% risk of failure)
Confirm with . or Enter, or press ? or * to list all spells.
You conjure some foxfire!
Crazy Yiuf says, "Lay!
Hack Xom song."
You reach down and open the door.
Crazy Yiuf laughs, "Ghoul King snockshim!"
Casting: Foxfire (safe; 6% risk of failure)
Confirm with . or Enter, or press ? or * to list all spells.
You miscast Scorch.
Nothing appears to happen.
Crazy Yiuf hits you with a +3 quarterstaff of chaos!
Crazy Yiuf freezes you!
Casting: Scorch (safe; 9% risk of failure)
Confirm with . or Enter, or press ? or * to list all spells.
Flames lash Crazy Yiuf.
Crazy Yiuf is lightly wounded.
Crazy Yiuf's fire resistance burns away.
* * * LOW HITPOINT WARNING * * *
Crazy Yiuf glowers.
Crazy Yiuf hits you with a +3 quarterstaff of chaos.
* * * LOW HITPOINT WARNING * * *
You fade into invisibility!
It was a potion of attraction.
You feel attractive to monsters. Crazy Yiuf barely misses you.
It was a potion of berserk rage.
A red film seems to cover your vision as you go berserk!
You feel yourself moving faster!
You feel mighty!
Crazy Yiuf is no longer more vulnerable to fire.
Crazy Yiuf hits you with a +3 quarterstaff of chaos.
You die...

###...######.......##...#...##
###..## #...>...####.#####
##..# #.......# #.# ####
######### #†# #.## #..# ###
♣♣###.# #)..#♣♣ ♣♣.....#
#...g@♣♣♣♣......#
#...#♣..♣......## ###
♣♣♣.♣....## ♣♣♣♣♣###


You could see Crazy Yiuf (can't see you).

Vanquished Creatures
  3 worms (D:2)
  3 ball pythons (D:1)
  4 endoplasms (D:1)
  A giant cockroach (D:1)
  4 goblins
  2 hobgoblins (D:1)
  3 jackals (D:1)
  4 kobolds
  3 bats
  5 frilled lizards
  5 rats
37 creatures vanquished.

Vanquished Creatures (others)
  36 foxfires
36 creatures vanquished.

Grand Total: 73 creatures vanquished

Notes
Turn   | Place    | Note
-------+----------+-------------------------------------------
     0 | D:1      | nrs142 the Djinni Fire Elementalist began the quest for the
                  | Orb.
     0 | D:1      | Reached XP level 1. HP: 15/15 MP: 0/0
   298 | D:1      | Reached XP level 2. HP: 18/21 MP: 0/0
  1037 | D:1      | Reached XP level 3. HP: 25/25 MP: 0/0
  1037 | D:1      | Learned a level 1 spell: Beastly Appendage
  1053 | D:1      | Gained mutation: You are dopey. (Int -2) [potion of
                  | mutation]
  1053 | D:1      | Gained mutation: You have sharp fingernails. [potion of
                  | mutation]
  1591 | D:2      | Identified the +0 cloak of Integrity {rPois rF+ Str-3}
  1886 | D:2      | Reached skill level 3 in Dodging
  2216 | D:2      | Found a runed translucent door.
  2217 | D:2      | Noticed Crazy Yiuf
  2284 | D:2      | Reached XP level 4. HP: 31/31 MP: 0/0
  2341 | D:2      | Slain by Crazy Yiuf

Illustrated notes

Levels and vault maps discovered:
D:1:      dpeg_arrival_prison, layout_loops_ring, chequers_serial_rivers_marsh,
          minivault_19
D:2:      layout_rooms, minmay_cut_off, uniq_crazy_yiuf_cottage

Skill      XL: |  1  2  3 |
---------------+----------+-----
Stealth        | 2 |  2.3
Dodging        | 3 |  3.0
Spellcasting   | |  2.8

Action                   |  1- 3 |  4- 6 || total
-------------------------+-------+-------++-------
Melee: Unarmed           |     6 |       ||     6
       Punch             |     2 |       ||     2
       Short sword       |    47 |       ||    47
 Cast: Foxfire           |    29 |     1 ||    30
       Scorch            |     8 |     1 ||     9
  Use: Potion            |     3 |     2 ||     5
 Stab: Sleeping          |     4 |       ||     4
Armor: Robe              |     9 |       ||     9
Dodge: Dodged            |    44 |     1 ||    45

Table legend: (Time is in decaauts)
 A = Elapsed time spent in this place.
 B = Non-inter-level travel time spent in this place.
 C = Inter-level travel time spent in this place.
 D = Time resting spent in this place.
 E = Time spent auto-exploring this place.
 F = Levels seen in this place.
 G = Mean time per level.
                   A        B        C        D        E       F      G
               +--------+--------+--------+--------+--------+-----+--------+
         Total |   2344 |   2268 |     76 |     22 |   1958 |   2 | 1172.0 |
       Dungeon |   2344 |   2268 |     76 |     22 |   1958 |   2 | 1172.0 |
               +--------+--------+--------+--------+--------+-----+--------+

Top non-repeatable levels by time:
     D:1: 1554 daAuts
     D:2: 790 daAuts
